 Dungeon Crawl Stone Soup version 0.27.0 (webtiles) character file.

Game seed: 17284892566578512448

19 gimp the Poker (level 2, 0/25 HPs)
             Began as a Merfolk Fighter on July 31, 2021.
             Succumbed to an adder's poison
             ... on level 2 of the Dungeon.
             The game lasted 00:01:01 (482 turns).

gimp the Poker (Merfolk Fighter)                     Turns: 482, Time: 00:01:01

Health: 0/25       AC:  8    Str: 16    XL:     2   Next: 75%
Magic:  2/2        EV:  4    Int:  7    God:
Gold:   0          SH:  9    Dex: 13    Spells: 1/1 levels left

rFire    . . .     SeeInvis .   a - +0 trident
rCold    . . .     Faith    .   c - +0 kite shield
rNeg     . . .     Spirit   .   h - +0 chain mail
rPois    .         Reflect  .   (no helmet)
rElec    .         Harm     .   (no cloak)
rCorr    .         Rampage  .   (no gloves)
Will     .....                  (no boots)
Stlth    ..........             (no amulet)
HPRegen  0.08/turn              (no ring)
MPRegen  0.08/turn              (no ring)

@: lethally poisoned (0 -> -3), attractive, very slightly contaminated,
invisible
A: (nimble swimmer 2), mertail
a: no special abilities


You were on level 2 of the Dungeon.
You visited 1 branch of the dungeon, and saw 2 of its levels.

Inventory:

Hand Weapons
 a - a +0 trident (weapon)
Armour
 c - a +0 kite shield (worn)
 h - a +0 chain mail (worn)
Scrolls
 g - a scroll of fear {unknown}
Potions
 d - a potion of might


   Skills:
 + Level 3.6 Fighting
 * Level 4.2 Polearms
 - Level 2.1 Armour
 - Level 3.0 Shields


You had one spell level left.
You didn't know any spells.
Your spell library contained the following spells:

 Spells                   Type           Power      Damage    Failure   Level
 Sublimation of Blood     Necr           0%         N/A       100%        2
 Petrify                  Tmut/Erth      0%         N/A       100%        4
 Irradiate                Conj/Tmut      0%         3d13      100%        5


Dungeon Overview and Level Annotations

Branches:
Dungeon (1/15)

Altars:


Innate Abilities, Weirdness & Mutations

((You are quick and stealthy near water. (Stealth+, EV+, Speed+++)))
Your lower body shifts to a powerful aquatic tail in water.


Message History

You miss the adder.
The adder is moderately wounded.
You feel sick. The adder bites you.
You are more poisoned.
The adder poisons you!
You take 4 damage, and have 12/25 hp.
You are too injured to fight recklessly!
You are too injured to fight recklessly!
It was a potion of invisibility.
You fade into invisibility!
You feel very sick. The adder bites you.
* * * LOW HITPOINT WARNING * * *
The dart slug launches a dart at you.
The slug dart hits the hobgoblin.
You block the adder's attack.
You are very lightly contaminated with residual magic.
You take 6 damage, and have 6/25 hp.
MASSIVE DAMAGE!!
It was a potion of attraction.
You feel attractive to monsters.
* * * LOW HITPOINT WARNING * * *
You feel sick. The adder bites you but does no damage.
You take 1 damage, and have 5/25 hp.
Okay, then.
You barely miss the adder.
The adder is moderately wounded.
* * * LOW HITPOINT WARNING * * *
You feel sick. The adder barely misses you.
You take 2 damage, and have 3/25 hp.
You miss the adder.
The adder is moderately wounded.
* * * LOW HITPOINT WARNING * * *
You feel sick. You block the adder's attack.
The dart slug launches a dart at you.
The slug dart hits the hobgoblin.
The hobgoblin dies!
The adder bites you but does no damage. The dart slug is pulled toward you!
You take 1 damage, and have 2/25 hp.
You miss the adder.
The adder is lightly wounded.
You die...

#############
#######..wS@.......
.........######....
.........## . .
..........###.# :
#########.....#
..## ####....###
.... #..g.##.###.
#..#.#####.....
#...#.....#...


You could see an adder and a dart slug.

Vanquished Creatures
  2 ball pythons (D:1)
  4 bats
  2 endoplasms (D:1)
  A goblin (D:1)
  A hobgoblin (D:1)
  2 quokkas (D:1)
  3 frilled lizards (D:1)
  A rat (D:1)
16 creatures vanquished.

Vanquished Creatures (others)
  A hobgoblin (D:2)
  A fungus (D:2)
2 creatures vanquished.

Grand Total: 18 creatures vanquished

Notes
Turn   | Place    | Note
-------+----------+-------------------------------------------
     0 | D:1      | gimp the Merfolk Fighter began the quest for the Orb.
     0 | D:1      | Reached XP level 1. HP: 18/18 MP: 1/1
   227 | D:1      | Reached XP level 2. HP: 24/24 MP: 2/2
   310 | D:1      | Reached skill level 4 in Polearms
   454 | D:1      | You fall into a shaft and drop 1 floor!
   482 | D:2      | Succumbed to an adder's poison

Illustrated notes

Levels and vault maps discovered:
D:1:      lightli_arrival_flooded_house, layout_rooms, minmay_misc_feat_tower
D:2:      layout_rooms, dreamdust_ecumenical_altar_grove,
          uniq_crazy_yiuf_cottage, uniq_sigmund, uniq_terence

Skill      XL: |  1  2 |
---------------+-------+-----
Polearms       | 4 |  4.2
Fighting       | |  3.6
Armour         | |  2.1
Shields        | |  3.0

Action                   || total
-------------------------++-------
Melee: Trident           ||    66
  Use: Potion            ||     2
Armor: Scale mail        ||    21
       Chain mail        ||    21
Dodge: Dodged            ||    13
Block: Kite shield       ||    32
